[Event "EWCCC Online Preliminary-D 2020"]
[Site "Online"]
[Date "2020.12.19"]
[Round "1.2"]
[White "Matnadze, Ana"]
[Black "Dubovyk, Anastasiia"]
[Result "0-1"]
[ECO "E68"]
[WhiteElo "2421"]
[BlackElo "1971"]
[Annotator "RC"]
[PlyCount "112"]
[EventDate "2020.12.19"]
[EventType "team-tourn"]
[EventCountry "NET"]
[SourceTitle "playchess.com"]
[Source "ChessBase"]
[SourceQuality "1"]
[TimeControl "900+5"]

1. d4 Nf6 2. Nf3 g6 3. g3 Bg7 4. Bg2 O-O 5. O-O d6 6. c4 Nbd7 7. Nc3 e5 8. h3 exd4 9. Nxd4 Re8 10. e4 a6 11. Rb1 Rb8 12. b4 Ne5 13. Qb3 c5 14. Nc2 Be6 15. Nd5 Bxd5 16. cxd5 b5 17. Bb2 Nc4 18. Bxf6 Qxf6 19. Rfd1 Nb2 20. Rf1 c4 21. Qa3 Qc3 22. Qxc3 Bxc3 23. a3 Ra8 24. f4 a5 25. bxa5 Rxa5 26. g4 Nd3 27. Kh2 Nxf4 28. Rxf4 Be5 29. Kg3 g5 30. Kf3 Bxf4 31. h4 h6 32. Bf1 Rea8 33. h5 Kg7 34. Ke2 Kf6 35. Bg2 Ke5 36. Bf3 Rxa3 37. Nxa3 Rxa3 38. Rxb5 c3 39. Kd3 c2+ 40. Kxc2 Rxf3 41. Rb7 Kxe4 42. Rxf7 Be5 43. Rh7 Rf6 44. Ra7 Kxd5 45. Kd3 Rf3+ 46. Ke2 Rf2+ 47. Kd3 Rg2 48. Rh7 Rxg4 49. Rxh6 Rh4 50. Rh7 g4 51. Ke3 g3 52. Kf3 Rh2 53. Ra7 Rf2+ 54. Kg4 g2 55. Ra5+ Ke6 56. Ra1 Bxa1 0-1

[Event "EWCCC Online Preliminary-D 2020"]
[Site "Online"]
[Date "2020.12.19"]
[Round "2.1"]
[White "Koridze, Lile"]
[Black "Corke, Anya S"]
[Result "1/2-1/2"]
[ECO "D10"]
[WhiteElo "2016"]
[BlackElo "2255"]
[Annotator "NA"]
[PlyCount "114"]
[EventDate "2020.12.19"]
[EventType "team-tourn"]
[EventCountry "NET"]
[SourceTitle "playchess.com"]
[Source "ChessBase"]
[SourceQuality "1"]
[TimeControl "900+5"]

1. d4 d5 2. c4 c6 3. cxd5 cxd5 4. Bf4 Nc6 5. Nc3 a6 6. e3 Nf6 7. Bd3 Bg4 8. Nge2 e6 9. h3 Bh5 10. Qb3 Na5 11. Qa4+ Nd7 12. O-O Be7 13. Rad1 O-O 14. e4 Nf6 15. exd5 exd5 16. Rc1 b5 17. Qc2 Rc8 18. Qb1 Bg6 19. Ng3 Nc4 20. Nf5 Bxf5 21. Bxf5 Rc6 22. Rfe1 Bb4 23. Re2 h6 24. Qd3 Bd6 25. Be5 Nb6 26. Rce1 b4 27. Nd1 Nc4 28. Qf3 Bb8 29. b3 Nd6 30. Ne3 Rc3 31. Bb1 Nde4 32. Bxf6 Nxf6 33. Rc2 Qd6 34. Rxc3 Qh2+ 35. Kf1 bxc3 36. Bc2 Re8 37. Ke2 Ne4 38. Kd1 Qd6 39. Nxd5 Qxd5 40. Rxe4 Rxe4 41. Qxe4 Qd7 42. Qh7+ Kf8 43. Qh8+ Ke7 44. Qxg7 Qb5 45. Ke1 Bf4 46. f3 Bg5 47. Qe5+ Qxe5+ 48. dxe5 Ke6 49. g3 Bd2+ 50. Ke2 Kxe5 51. f4+ Kd4 52. Kf3 Be1 53. g4 Bh4 54. Ke2 a5 55. Kf3 Kc5 56. Ke4 Kb4 57. a4 Be7 1/2-1/2

[Event "EWCCC Online Preliminary-D 2020"]
[Site "Online"]
[Date "2020.12.19"]
[Round "2.1"]
[White "Donghvani, Nia"]
[Black "Grigoryan, Meri"]
[Result "1/2-1/2"]
[ECO "A25"]
[WhiteElo "1985"]
[BlackElo "2044"]
[Annotator "NA"]
[PlyCount "75"]
[EventDate "2020.12.19"]
[EventType "team-tourn"]
[EventCountry "NET"]
[SourceTitle "playchess.com"]
[Source "ChessBase"]
[SourceQuality "1"]
[TimeControl "900+5"]

1. c4 e5 2. Nc3 Nf6 3. g3 Nc6 4. Bg2 Bb4 5. e3 Bxc3 6. bxc3 e4 7. d3 exd3 8. Qxd3 Ne5 9. Qd4 Qe7 10. Nf3 Nc6 11. Qd3 Qe4 12. Qxe4+ Nxe4 13. Nd4 Nxc3 14. Nxc6 dxc6 15. Bb2 Na4 16. Bxg7 Rg8 17. Be5 Be6 18. Rc1 O-O-O 19. O-O Rd2 20. a3 Rgd8 21. Bf6 R8d3 22. Be4 Rxa3 23. Bxh7 Bh3 24. Rfd1 Raa2 25. Bb1 b6 26. Bxa2 Rxa2 27. Rd8+ Kb7 28. Rh8 Be6 29. h4 Nc5 30. f3 Nd3 31. Rd1 Nf2 32. Ra1 Nh3+ 33. Kh1 Rc2 34. g4 Nf2+ 35. Kg1 Nh3+ 36. Kh1 Nf2+ 37. Kg1 Nh3+ 38. Kh1 1/2-1/2

[Event "EWCCC Online Preliminary-D 2020"]
[Site "Online"]
[Date "2020.12.19"]
[Round "2.1"]
[White "Fink-Nunn, Petra"]
[Black "Lomaia, Diana"]
[Result "0-1"]
[ECO "B80"]
[WhiteElo "1966"]
[BlackElo "1946"]
[Annotator "NA"]
[PlyCount "100"]
[EventDate "2020.12.19"]
[EventType "team-tourn"]
[EventCountry "NET"]
[SourceTitle "playchess.com"]
[Source "ChessBase"]
[SourceQuality "1"]
[TimeControl "900+5"]

1. e4 c5 2. Nf3 e6 3. d4 cxd4 4. Nxd4 Nc6 5. Nc3 Qc7 6. g3 a6 7. Bg2 Nf6 8. O-O Be7 9. Re1 d6 10. Be3 O-O 11. a4 Bd7 12. Nxc6 Bxc6 13. a5 Nd7 14. Qd2 b5 15. axb6 Nxb6 16. b3 Bb7 17. Qd4 Bf6 18. Qxb6 Qxb6 19. Bxb6 Bxc3 20. Bc7 Bxa1 21. Rxa1 Rfc8 22. Bxd6 Rxc2 23. b4 Rac8 24. Bc5 Rd8 25. Rb1 Bc6 26. Bf3 Bb5 27. Be3 f6 28. Bd1 Rc6 29. Bf3 Rc3 30. Kg2 Kf7 31. Bg4 Bd3 32. Ra1 Bxe4+ 33. Kh3 Bd3 34. Bf3 Bb5 35. Bb7 Rd6 36. Bc5 Rd8 37. Kg2 e5 38. Be3 Rb8 39. Bd5+ Kg6 40. g4 Bc6 41. Bxc6 Rxc6 42. Bc5 Rb5 43. h4 h6 44. Kf3 a5 45. h5+ Kf7 46. Be3 axb4 47. Ra7+ Kg8 48. Ke4 b3 49. Kf5 b2 50. Kg6 b1=Q# 0-1

[Event "EWCCC Online Preliminary-D 2020"]
[Site "Online"]
[Date "2020.12.19"]
[Round "2.2"]
[White "Trippold, Denise"]
[Black "Prasol, Aliesia"]
[Result "1-0"]
[ECO "A90"]
[WhiteElo "2137"]
[BlackElo "1702"]
[Annotator "NA"]
[PlyCount "21"]
[EventDate "2020.12.19"]
[EventType "team-tourn"]
[EventCountry "NET"]
[SourceTitle "playchess.com"]
[Source "ChessBase"]
[SourceQuality "1"]
[TimeControl "900+5"]

1. d4 e6 2. Nf3 f5 3. g3 Nf6 4. Bg2 d5 5. O-O c6 6. c4 Bd6 7. Nc3 O-O 8. Qc2 Nbd7 9. cxd5 cxd5 10. Nb5 Be7 11. Nc7 1-0

[Event "EWCCC Online Preliminary-D 2020"]
[Site "Online"]
[Date "2020.12.19"]
[Round "2.2"]
[White "Mashchenko, Tamila"]
[Black "Hrescak, Ivana"]
[Result "1/2-1/2"]
[ECO "A36"]
[WhiteElo "1768"]
[BlackElo "2212"]
[Annotator "NA"]
[PlyCount "111"]
[EventDate "2020.12.19"]
[EventType "team-tourn"]
[EventCountry "NET"]
[SourceTitle "playchess.com"]
[Source "ChessBase"]
[SourceQuality "1"]
[TimeControl "900+5"]

1. c4 Nf6 2. Nc3 g6 3. g3 Bg7 4. Bg2 O-O 5. e4 d6 6. Nge2 c5 7. Rb1 Nc6 8. O-O Be6 9. d3 Rb8 10. a3 a5 11. h3 Bd7 12. Be3 Ne8 13. f4 Nd4 14. b4 axb4 15. axb4 Nxe2+ 16. Nxe2 cxb4 17. Rxb4 b5 18. Qb1 Nc7 19. cxb5 Nxb5 20. Qb3 Be6 21. Qa4 Nc3 22. Nxc3 Bxc3 23. Rxb8 Qxb8 24. Qc2 Bg7 25. g4 Qb3 26. Qxb3 Bxb3 27. Rc1 Rb8 28. Rc7 Bf8 29. Ba7 Rb5 30. Bf3 e6 31. Kf2 Ra5 32. Bd4 e5 33. fxe5 dxe5 34. Bc3 Rb5 35. Rc8 f6 36. Bd2 Be6 37. Rc6 Kf7 38. Rc7+ Be7 39. g5 f5 40. exf5 Bxf5 41. Be4 Bxh3 42. Kg3 Be6 43. Bc6 Rb3 44. Be4 Kf8 45. Be3 Bf5 46. Kf3 Rb1 47. Bc5 Bxe4+ 48. dxe4 Bxc5 49. Rxc5 Rf1+ 50. Kg2 Re1 51. Rxe5 Kf7 52. Kf2 Ra1 53. Kf3 Rf1+ 54. Kg2 Re1 55. Kf2 Ra1 56. Kf3 1/2-1/2

[Event "EWCCC Online Preliminary-D 2020"]
[Site "Online"]
[Date "2020.12.19"]
[Round "2.3"]
[White "Maisuradze, Nino"]
[Black "Berezovsky, Fiorina"]
[Result "1-0"]
[ECO "E11"]
[WhiteElo "2214"]
[BlackElo "1665"]
[Annotator "NA"]
[PlyCount "27"]
[EventDate "2020.12.19"]
[EventType "team-tourn"]
[EventCountry "NET"]
[SourceTitle "playchess.com"]
[Source "ChessBase"]
[SourceQuality "1"]
[TimeControl "900+5"]

1. d4 Nf6 2. c4 e6 3. Nf3 Bb4+ 4. Bd2 Bxd2+ 5. Nbxd2 d5 6. e3 O-O 7. Rc1 c6 8. Qc2 Nbd7 9. cxd5 cxd5 10. Bd3 Re8 11. Ne5 b6 12. Nc6 Qc7 13. Ne7+ Rxe7 14. Qxc7 1-0

[Event "EWCCC Online Preliminary-D 2020"]
[Site "Online"]
[Date "2020.12.19"]
[Round "3.2"]
[White "Hrescak, Ivana"]
[Black "Rubsamen, Anais"]
[Result "1-0"]
[ECO "D85"]
[WhiteElo "2212"]
[BlackElo "1692"]
[Annotator "NA"]
[PlyCount "78"]
[EventDate "2020.12.19"]
[EventType "team-tourn"]
[EventCountry "NET"]
[SourceTitle "playchess.com"]
[Source "ChessBase"]
[SourceQuality "1"]
[TimeControl "900+5"]

1. d4 Nf6 2. c4 g6 3. Nc3 d5 4. cxd5 Nxd5 5. e4 Nxc3 6. bxc3 Bg7 7. Nf3 O-O 8. Rb1 c5 9. Rb3 Qa5 10. Qd2 Rd8 11. d5 Bd7 12. c4 Qxd2+ 13. Bxd2 b6 14. Be2 Ba4 15. Ra3 Bc2 16. e5 Nd7 17. Bf4 g5 18. Bxg5 Nxe5 19. Nxe5 Bxe5 20. Bxe7 Re8 21. Bg5 Bd4 22. Rg3 Kh8 23. Be3 Be5 24. f4 Bd4 25. Bxd4+ cxd4 26. Kd2 Be4 27. Bd3 f5 28. Re1 Rac8 29. Rg5 h6 30. Rg6 Kh7 31. Rd6 Re7 32. g4 Rce8 33. gxf5 Kg8 34. Re6 Rxe6 35. fxe6 Bf3 36. f5 Kf8 37. f6 h5 38. Bg6 Rc8 39. e7+ Kg8 1-0

[Event "EWCCC Online Preliminary-D 2020"]
[Site "Online"]
[Date "2020.12.19"]
[Round "3.2"]
[White "Berezovsky, Fiorina"]
[Black "Kordzadze, Nino"]
[Result "0-1"]
[ECO "C02"]
[WhiteElo "1665"]
[BlackElo "2015"]
[Annotator "NA"]
[PlyCount "82"]
[EventDate "2020.12.19"]
[EventType "team-tourn"]
[EventCountry "NET"]
[SourceTitle "playchess.com"]
[Source "ChessBase"]
[SourceQuality "1"]
[TimeControl "900+5"]

1. d4 e6 2. e4 d5 3. e5 c5 4. c3 Nc6 5. Nf3 Bd7 6. Bb5 Qb6 7. a4 a6 8. Be2 cxd4 9. cxd4 Nge7 10. O-O Nf5 11. a5 Nxa5 12. Nc3 Rc8 13. Na4 Qc7 14. Bd2 Nc4 15. b3 Nxd2 16. Qxd2 Be7 17. b4 O-O 18. Rac1 Bc6 19. b5 axb5 20. Bxb5 Ra8 21. Bxc6 bxc6 22. Ra1 Rfb8 23. g4 Nh6 24. h3 f6 25. Rfe1 Bb4 26. Nc3 Rxa1 27. Rxa1 Nf7 28. Qe3 fxe5 29. dxe5 c5 30. Nxd5 exd5 31. e6 Nd6 32. e7 Ne4 33. Ng5 Qxe7 34. Qf4 Rf8 35. Ra8 Rxa8 36. Qf5 Qxg5 37. Qe6+ Kh8 38. Qc6 Rf8 39. f3 Qe3+ 40. Kh2 Qf2+ 41. Kh1 Ng3# 0-1

[Event "EWCCC Online Preliminary-D 2020"]
[Site "Online"]
[Date "2020.12.19"]
[Round "3.3"]
[White "Corke, Anya S"]
[Black "Dubovyk, Anastasiia"]
[Result "0-1"]
[ECO "A45"]
[WhiteElo "2255"]
[BlackElo "1971"]
[Annotator "NA"]
[PlyCount "98"]
[EventDate "2020.12.19"]
[EventType "team-tourn"]
[EventCountry "NET"]
[SourceTitle "playchess.com"]
[Source "ChessBase"]
[SourceQuality "1"]
[TimeControl "900+5"]

1. d4 Nf6 2. Bg5 Ne4 3. Bf4 d5 4. f3 Nf6 5. e4 dxe4 6. Nc3 exf3 7. Nxf3 Bg4 8. Bc4 e6 9. Qe2 Nc6 10. O-O-O Be7 11. h3 Bxf3 12. Qxf3 O-O 13. g4 Nxd4 14. Qxb7 c5 15. Nb5 a6 16. Nc7 Qd7 17. c3 Rfb8 18. Qg2 Ra7 19. cxd4 Rxc7 20. Bxc7 Qxc7 21. Kb1 cxd4 22. Bb3 Qd7 23. g5 Ne8 24. Qg4 Rb4 25. Rhf1 Nc7 26. h4 a5 27. Qf3 Bf8 28. Qd3 a4 29. Bc2 g6 30. a3 Rb8 31. Qxd4 Qxd4 32. Rxd4 Bxa3 33. Rxa4 Bxb2 34. Ka2 Nd5 35. Rf3 Nc3+ 36. Rxc3 Bxc3 37. Bb3 Rb7 38. Rc4 Be1 39. Re4 Bg3 40. Rg4 Bh2 41. h5 gxh5 42. Rh4 Be5 43. Rxh5 Ra7+ 44. Kb1 Ra1+ 45. Kc2 Rg1 46. g6 Rg2+ 47. Kd3 Rg3+ 48. Ke4 hxg6 49. Rxe5 Rxb3 0-1

[Event "EWCCC Online Preliminary-D 2020"]
[Site "Online"]
[Date "2020.12.19"]
[Round "3.3"]
[White "Grigoryan, Meri"]
[Black "Mashchenko, Tamila"]
[Result "1-0"]
[ECO "E90"]
[WhiteElo "2044"]
[BlackElo "1768"]
[Annotator "NA"]
[PlyCount "65"]
[EventDate "2020.12.19"]
[EventType "team-tourn"]
[EventCountry "NET"]
[SourceTitle "playchess.com"]
[Source "ChessBase"]
[SourceQuality "1"]
[TimeControl "900+5"]

1. d4 Nf6 2. c4 g6 3. Nc3 Bg7 4. e4 d6 5. h3 O-O 6. Nf3 Nbd7 7. Bg5 h6 8. Be3 e5 9. d5 Nc5 10. Bd3 Nxd3+ 11. Qxd3 Nh5 12. Qd2 Kh7 13. g4 Nf4 14. O-O-O f5 15. gxf5 gxf5 16. Bxf4 exf4 17. Nd4 fxe4 18. Nxe4 a5 19. Rdg1 Qe7 20. Nc3 a4 21. Qd3+ Kh8 22. a3 Qf6 23. Nce2 f3 24. Rxg7 Qxg7 25. Ng3 Qg5+ 26. Kb1 Bd7 27. Qc3 Qg7 28. Nh5 Qe5 29. Re1 Bf5+ 30. Ka2 Be4 31. Rxe4 Qxe4 32. Nxf3+ Kg8 33. Qg7# 1-0

[Event "EWCCC Online Preliminary-D 2020"]
[Site "Online"]
[Date "2020.12.19"]
[Round "3.3"]
[White "Prasol, Aliesia"]
[Black "Fink-Nunn, Petra"]
[Result "0-1"]
[ECO "C55"]
[WhiteElo "1702"]
[BlackElo "1966"]
[Annotator "NA"]
[PlyCount "66"]
[EventDate "2020.12.19"]
[EventType "team-tourn"]
[EventCountry "NET"]
[SourceTitle "playchess.com"]
[Source "ChessBase"]
[SourceQuality "1"]
[TimeControl "900+5"]

1. e4 e5 2. Nf3 Nc6 3. Bc4 Nf6 4. d3 Be7 5. O-O O-O 6. h3 d6 7. Be3 Na5 8. Bb3 Nxb3 9. axb3 h6 10. Nc3 c5 11. Qd2 Be6 12. Ra2 Re8 13. Rfa1 a6 14. Ne2 Qd7 15. Ra3 Bd8 16. b4 c4 17. dxc4 Nxe4 18. Qd3 Bf5 19. Qd5 Nf6 20. Qd2 Rc8 21. b3 d5 22. Bc5 b6 23. Rxa6 bxc5 24. Ra7 Rc7 25. Rxc7 Qxc7 26. bxc5 Qxc5 27. Ng3 Bg6 28. Ra8 Qc6 29. Ra4 Bb6 30. c3 Rd8 31. Nxe5 Qc5 32. b4 Qc7 33. Qe2 Re8 0-1

[Event "EWCCC Online Preliminary-D 2020"]
[Site "Online"]
[Date "2020.12.19"]
[Round "3.4"]
[White "Narva, Triin"]
[Black "Pipia, Ekaterine"]
[Result "0-1"]
[ECO "B25"]
[WhiteElo "2100"]
[BlackElo "2019"]
[Annotator "NA"]
[PlyCount "60"]
[EventDate "2020.12.19"]
[EventType "team-tourn"]
[EventCountry "NET"]
[SourceTitle "playchess.com"]
[Source "ChessBase"]
[SourceQuality "1"]
[TimeControl "900+5"]

1. e4 c5 2. Nc3 Nc6 3. g3 g6 4. Bg2 Bg7 5. d3 d6 6. Nge2 e6 7. O-O Nge7 8. f4 O-O 9. g4 f5 10. h3 a6 11. a4 Kh8 12. Kh1 e5 13. gxf5 gxf5 14. Ng3 exf4 15. Bxf4 Ng6 16. Qh5 Nxf4 17. Rxf4 Rf6 18. Nxf5 Bxf5 19. Rxf5 Rh6 20. Qf7 Nd4 21. Rf2 Qh4 22. Raf1 Be5 23. Qd7 Ne6 24. Ne2 Rg8 25. Rf3 Qg5 26. Rg1 Rg7 27. Qc8+ Rg8 28. Qxb7 Nd4 29. Nxd4 Bxd4 30. Qf7 Bxg1 0-1

[Event "EWCCC Online Preliminary-D 2020"]
[Site "Online"]
[Date "2020.12.19"]
[Round "3.4"]
[White "Lomaia, Diana"]
[Black "Olde, Grete"]
[Result "1/2-1/2"]
[ECO "E05"]
[WhiteElo "1946"]
[BlackElo "1915"]
[Annotator "NA"]
[PlyCount "64"]
[EventDate "2020.12.19"]
[EventType "team-tourn"]
[EventCountry "NET"]
[SourceTitle "playchess.com"]
[Source "ChessBase"]
[SourceQuality "1"]
[TimeControl "900+5"]

1. d4 d5 2. c4 e6 3. Nf3 Nf6 4. g3 Be7 5. Bg2 O-O 6. O-O dxc4 7. Qc2 a6 8. a4 Bd7 9. Ne5 Bc6 10. Nxc6 Nxc6 11. e3 Na5 12. Nd2 c5 13. dxc5 Bxc5 14. Nxc4 Rc8 15. Nxa5 Qxa5 16. Qe2 Rc7 17. Bd2 Bb4 18. Bxb4 Qxb4 19. Rac1 Rfc8 20. Rxc7 Rxc7 21. Qd3 Rd7 22. Qc2 g6 23. Rc1 Kg7 24. b3 Rd2 25. Qc4 Qb6 26. Bf3 Rb2 27. Rc3 h5 28. h4 Rb1+ 29. Kg2 Rb2 30. Kg1 Rb1+ 31. Kg2 Rb2 32. Kg1 Rb1+ 1/2-1/2

[Event "EWCCC Online Preliminary-D 2020"]
[Site "Online"]
[Date "2020.12.19"]
[Round "3.4"]
[White "Esadze, Tamari"]
[Black "Olde, Margareth"]
[Result "1-0"]
[ECO "C95"]
[WhiteElo "1889"]
[BlackElo "2233"]
[Annotator "NA"]
[PlyCount "87"]
[EventDate "2020.12.19"]
[EventType "team-tourn"]
[EventCountry "NET"]
[SourceTitle "playchess.com"]
[Source "ChessBase"]
[SourceQuality "1"]
[TimeControl "900+5"]

1. e4 e5 2. Nf3 Nc6 3. Bb5 a6 4. Ba4 Nf6 5. O-O Be7 6. Re1 b5 7. Bb3 d6 8. c3 O-O 9. h3 Nb8 10. d4 Nbd7 11. Nbd2 c5 12. Nf1 Re8 13. Ng3 Bf8 14. Bg5 h6 15. Bxf6 Qxf6 16. a4 Rb8 17. axb5 axb5 18. Bd5 Bb7 19. Ra7 Bxd5 20. exd5 Rbd8 21. Ne4 Qg6 22. Nh4 Qh7 23. Rxd7 Rxd7 24. Nf6+ gxf6 25. Qg4+ Kh8 26. Qxd7 Ra8 27. dxc5 dxc5 28. d6 Kg8 29. Nf5 h5 30. Ne7+ Kh8 31. Nc6 Qd3 32. Qb7 Qd2 33. Rf1 Bxd6 34. Qxa8+ Kg7 35. Nd8 e4 36. Qxe4 Be5 37. Nc6 Bc7 38. Qe3 Qd5 39. Ne7 Qd7 40. Re1 Kh7 41. Qe4+ Kh8 42. Nf5 Qd2 43. Qe8+ Kh7 44. Qxf7+ 1-0

[Event "EWCCC Online Preliminary-D 2020"]
[Site "Online"]
[Date "2020.12.19"]
[Round "4.1"]
[White "Olde, Margareth"]
[Black "Tsirulnik, Maritsa"]
[Result "0-1"]
[ECO "A13"]
[WhiteElo "2233"]
[BlackElo "2139"]
[Annotator "ChessBase"]
[PlyCount "148"]
[EventDate "2020.12.19"]
[EventType "team-tourn"]
[EventCountry "NET"]
[SourceTitle "playchess.com"]
[Source "ChessBase"]
[SourceQuality "1"]
[TimeControl "900+5"]

1. c4 e6 2. Nf3 d5 3. g3 Nf6 4. Bg2 dxc4 5. Qa4+ Nbd7 6. Qxc4 a6 7. Qc2 c5 8. O-O Be7 9. Nc3 O-O 10. d3 Nd5 11. Nxd5 exd5 12. Bf4 Nf6 13. a4 d4 14. Ne5 Nd5 15. Bd2 Be6 16. a5 Rc8 17. Nc4 Qd7 18. Bxd5 Bxd5 19. Nb6 Qf5 20. Nxc8 Rxc8 21. e4 dxe3 22. fxe3 Qg6 23. e4 Be6 24. Bf4 h5 25. Kh1 Bf6 26. Rad1 Bd4 27. b3 Bh3 28. Rfe1 Bg4 29. Be3 Bxd1 30. Qxd1 Bxe3 31. Rxe3 Qf6 32. Qf3 Qa1+ 33. Kg2 Qb2+ 34. Kh3 Qxb3 35. Qxh5 Rc6 36. Qe2 Qc3 37. e5 Re6 38. Re4 Qxa5 39. Rh4 Qc7 40. Qe4 g6 41. d4 cxd4 42. Qxd4 Qxe5 43. Qd8+ Re8 44. Qd1 Qe6+ 45. Rg4 Qe2 46. Qd6 Qf1+ 47. Kh4 Qf5 48. Rg5 Re4+ 49. g4 Qf2+ 50. Qg3 Qxg3+ 51. Kxg3 b5 52. Kf3 Re6 53. h4 Kg7 54. Rc5 Rb6 55. Ke2 a5 56. Kd2 a4 57. Kc3 b4+ 58. Kb2 b3 59. Ra5 Rb4 60. h5 Rxg4 61. hxg6 Kxg6 62. Ka3 f5 63. Rb5 Re4 64. Rb8 f4 65. Kb2 Kg5 66. Kc3 f3 67. Kd3 Re2 68. Rb5+ Kg4 69. Rb4+ Kg3 70. Rxa4 b2 71. Rb4 Kf2 72. Rb8 Ke1 73. Kc3 f2 74. Rh8 f1=Q 0-1

[Event "EWCCC Online Preliminary-D 2020"]
[Site "Online"]
[Date "2020.12.19"]
[Round "4.1"]
[White "Dubovyk, Anastasiia"]
[Black "Narva, Mai"]
[Result "1/2-1/2"]
[ECO "B31"]
[WhiteElo "1971"]
[BlackElo "2276"]
[Annotator "RC"]
[PlyCount "150"]
[EventDate "2020.12.19"]
[EventType "team-tourn"]
[EventCountry "NET"]
[SourceTitle "playchess.com"]
[Source "ChessBase"]
[SourceQuality "1"]
[TimeControl "900+5"]

1. e4 c5 2. Nf3 Nc6 3. Bb5 g6 4. Bxc6 bxc6 5. O-O Bg7 6. Re1 Nh6 7. c3 O-O 8. d4 cxd4 9. Nxd4 c5 10. Nb3 d6 11. h3 Bb7 12. N1d2 Kh8 13. Nc4 Qc8 14. Nba5 Ng8 15. Nxb7 Qxb7 16. Qd5 Qc7 17. e5 dxe5 18. Nxe5 e6 19. Qe4 Nf6 20. Qf3 Nd5 21. c4 Bxe5 22. cxd5 exd5 23. Qxd5 Bg7 24. Rb1 Rad8 25. Qc4 Rd4 26. Qc2 c4 27. Be3 Rd5 28. Rbc1 Rc8 29. Red1 Rxd1+ 30. Rxd1 Qb7 31. Bd4 Qa6 32. Qc3 Bxd4 33. Rxd4 Kg8 34. a3 Qb5 35. b4 h5 36. a4 Qxa4 37. Rxc4 Qd1+ 38. Kh2 Qd6+ 39. g3 Rxc4 40. Qxc4 Qb6 41. Kg2 Qb7+ 42. f3 Qd7 43. Qc3 Qb5 44. Qd2 a6 45. h4 Kg7 46. Qd4+ Kg8 47. Kf2 Qa4 48. Ke3 Qe8+ 49. Kf4 Qb8+ 50. Kg5 Qxg3+ 51. Kh6 f6 52. Qxf6 Qc7 53. Qxg6+ Kf8 54. Qf5+ Kg8 55. Kxh5 Qc3 56. Kg5 Qxb4 57. Qc8+ Kg7 58. Qxa6 Qd2+ 59. Kg4 Qg2+ 60. Kf4 Qh2+ 61. Ke3 Qxh4 62. Qa7+ Kg8 63. Qb8+ Kg7 64. Qc7+ Kg8 65. Qc8+ Kg7 66. Qd7+ Kg8 67. Qd5+ Kg7 68. Qd7+ Kg8 69. Qe6+ Kg7 70. Qe5+ Kg8 71. f4 Qg3+ 72. Ke4 Kf7 73. Qf5+ Ke7 74. Qh7+ Kf6 75. Qh6+ Kf7 1/2-1/2

[Event "EWCCC Online Preliminary-D 2020"]
[Site "Online"]
[Date "2020.12.19"]
[Round "4.1"]
[White "Olde, Grete"]
[Black "Prasol, Aliesia"]
[Result "1-0"]
[ECO "B12"]
[WhiteElo "1915"]
[BlackElo "1702"]
[Annotator "NA"]
[PlyCount "75"]
[EventDate "2020.12.19"]
[EventType "team-tourn"]
[EventCountry "NET"]
[SourceTitle "playchess.com"]
[Source "ChessBase"]
[SourceQuality "1"]
[TimeControl "900+5"]

1. e4 c6 2. d4 d5 3. e5 Bf5 4. Nf3 e6 5. Be2 Nd7 6. O-O c5 7. c3 Qb6 8. b3 h6 9. Be3 cxd4 10. Bxd4 Bc5 11. Re1 Ne7 12. Nbd2 Bxd4 13. cxd4 O-O 14. Nf1 Rac8 15. Ne3 Be4 16. Qd2 Rc6 17. Rac1 Rfc8 18. Rxc6 Qxc6 19. Qb4 Nf5 20. Nxf5 Bxf5 21. Bb5 Qc7 22. h3 a6 23. Bf1 b5 24. a4 Qb6 25. axb5 axb5 26. Qxb5 Qxb5 27. Bxb5 Nb6 28. g4 Bg6 29. Nh4 Bh7 30. Re3 Rc1+ 31. Kg2 Be4+ 32. f3 Bb1 33. f4 Be4+ 34. Kg3 Rd1 35. Rc3 Rxd4 36. Rc6 Rb4 37. Rxb6 Bd3 38. Rb8+ 1-0

[Event "EWCCC Online Preliminary-D 2020"]
[Site "Online"]
[Date "2020.12.19"]
[Round "4.1"]
[White "Mashchenko, Tamila"]
[Black "Narva, Triin"]
[Result "0-1"]
[ECO "A36"]
[WhiteElo "1768"]
[BlackElo "2100"]
[Annotator "ChessBase"]
[PlyCount "76"]
[EventDate "2020.12.19"]
[EventType "team-tourn"]
[EventCountry "NET"]
[SourceTitle "playchess.com"]
[Source "ChessBase"]
[SourceQuality "1"]
[TimeControl "900+5"]

1. c4 g6 2. Nc3 Bg7 3. g3 Nf6 4. Bg2 c5 5. e4 Nc6 6. Nge2 O-O 7. O-O d6 8. Rb1 Be6 9. d3 Qd7 10. a3 Bh3 11. b4 Nd4 12. f4 Bxg2 13. Kxg2 b6 14. Nxd4 cxd4 15. Ne2 e5 16. f5 b5 17. cxb5 d5 18. fxg6 hxg6 19. Bg5 Nh7 20. Bd2 dxe4 21. dxe4 Qxb5 22. g4 Nf6 23. Ng3 Qb7 24. Qe2 Rac8 25. h3 Rc2 26. Qd3 Rfc8 27. Kg1 R8c4 28. a4 R4c3 29. Bxc3 Rxc3 30. Qb5 Rxg3+ 31. Kh2 Qxb5 32. axb5 Nxe4 33. Ra1 Bh6 34. Rxa7 Bf4 35. Rxf4 exf4 36. b6 Nd2 37. b7 Nf3+ 38. Kh1 Rg1# 0-1

[Event "EWCCC Online Preliminary-D 2020"]
[Site "Online"]
[Date "2020.12.19"]
[Round "4.2"]
[White "Fink-Nunn, Petra"]
[Black "Berezovsky, Fiorina"]
[Result "0-1"]
[ECO "B42"]
[WhiteElo "1966"]
[BlackElo "1665"]
[Annotator "ChessBase"]
[PlyCount "164"]
[EventDate "2020.12.19"]
[EventType "team-tourn"]
[EventCountry "NET"]
[SourceTitle "playchess.com"]
[Source "ChessBase"]
[SourceQuality "1"]
[TimeControl "900+5"]

1. e4 c5 2. Nf3 e6 3. d4 cxd4 4. Nxd4 a6 5. Bd3 Qc7 6. O-O Bc5 7. Nb3 Be7 8. f4 Nc6 9. Be3 Nb4 10. Nc3 Nxd3 11. Qxd3 b5 12. Rad1 Bb7 13. a3 Nf6 14. h3 O-O 15. Nd2 Qc6 16. Rfe1 Rfd8 17. Qe2 d5 18. exd5 Nxd5 19. Nxd5 Rxd5 20. Nf3 Rad8 21. Ne5 Qc7 22. Rxd5 Bxd5 23. Qf2 Rc8 24. c3 f6 25. Nf3 Qc4 26. Bc1 Bd6 27. Nd4 Bc5 28. Be3 Bb7 29. Qe2 Qxe2 30. Rxe2 e5 31. fxe5 fxe5 32. Nc2 Bxe3+ 33. Rxe3 e4 34. Nd4 Kf7 35. Kf2 Kf6 36. g4 g6 37. Ne2 h5 38. gxh5 gxh5 39. Ng3 Ke5 40. Nxh5 Rh8 41. Ng7 Kf6 42. Rg3 Ke5 43. Ke3 Rd8 44. h4 Rd3+ 45. Kf2 Rd2+ 46. Ke3 Rxb2 47. h5 Rh2 48. Rg5+ Kf6 49. Rg6+ Kf7 50. Rg5 Rh3+ 51. Kd4 e3 52. h6 e2 53. Re5 Rxh6 54. Nf5 Rf6 55. Ng3 Rf4+ 56. Kd3 Rf3+ 57. Kxe2 Rxg3 58. Kd2 Kf6 59. Re8 Kf5 60. Rb8 Be4 61. Rb6 Rd3+ 62. Ke2 Rxc3 63. Rxa6 Kf4 64. Ra5 Rc2+ 65. Kd1 Bd3 66. Ra8 Ke3 67. Re8+ Kd4 68. Rd8+ Kc4 69. Rc8+ Kb3 70. Rd8 Be4 71. Re8 Bf3+ 72. Ke1 Kxa3 73. Re3+ Ka2 74. Rxf3 b4 75. Kd1 b3 76. Rf8 Rh2 77. Ra8+ Kb1 78. Rb8 Rb2 79. Ra8 Ra2 80. Rb8 b2 81. Kd2 Ka1 82. Kc2 b1=Q+ 0-1

[Event "EWCCC Online Preliminary-D 2020"]
[Site "Online"]
[Date "2020.12.19"]
[Round "4.2"]
[White "Jose Polanco, Kenia"]
[Black "Corke, Anya S"]
[Result "0-1"]
[ECO "E61"]
[WhiteElo "1828"]
[BlackElo "2255"]
[Annotator "ChessBase"]
[PlyCount "78"]
[EventDate "2020.12.19"]
[EventType "team-tourn"]
[EventCountry "NET"]
[SourceTitle "playchess.com"]
[Source "ChessBase"]
[SourceQuality "1"]
[TimeControl "900+5"]

1. d4 Nf6 2. Bf4 d6 3. e3 g6 4. Nf3 Bg7 5. c4 O-O 6. Nc3 a6 7. Be2 c5 8. O-O Nbd7 9. Rc1 b6 10. d5 Bb7 11. e4 Qc7 12. Qd2 Rfe8 13. h4 Ng4 14. Nh2 Nxh2 15. Kxh2 Nf6 16. h5 Qd7 17. Rh1 Ng4+ 18. Kg1 Bd4 19. Nd1 e5 20. Bg3 Bc8 21. hxg6 fxg6 22. Qg5 Qe7 23. Qd2 Rf8 24. Bh4 Qf7 25. Bxg4 Bxg4 26. Ne3 Qf4 27. Bg3 Qxe4 28. Nc2 Bc8 29. Qh6 Ra7 30. Rh4 Qf5 31. Nxd4 cxd4 32. Rd1 Raf7 33. Qd2 a5 34. b4 axb4 35. Qxb4 Qc2 36. Rb1 Rxf2 37. Rh2 Qe2 38. Bxf2 Qxf2+ 39. Kh1 Qf1+ 0-1